 Dungeon Crawl Stone Soup version 0.18.1-48-g4cf74bf (webtiles) character file.

135944 Elitist the Brawler (level 17, -2/184 HPs)
             Began as a Naga Monk on Aug 7, 2016.
             Was the Champion of Cheibriados.
             Slain by an alligator (9 damage)
             ... on level 3 of the Swamp.
             The game lasted 02:38:21 (32535 turns).

Elitist the Brawler (Naga Monk)                    Turns: 32535, Time: 02:38:21

Health: -2/184     AC:  8    Str: 36      XL:     17   Next: 20%
Magic:  12/29      EV: 21    Int: 29 (30) God:    Cheibriados [******]
Gold:   1588       SH:  0    Dex: 28 (29) Spells: 6 memorised, 8 levels left

rFire  + . .     SeeInvis +       - Unarmed
rCold  + + +     Gourm    .     (armour currently unavailable)
rNeg   . . .     Faith    .     (shield currently unavailable)
rPois  +         Spirit   .     (helmet currently unavailable)
rElec  .         Dismiss  .     (cloak currently unavailable)
rCorr  .         Reflect  .     (gloves currently unavailable)
SustAt .         Harm     .     (no barding)
MR     ++...     Rnd*Rage +     t - amulet of regeneration
Stlth  +++++++...               D - ring of protection from fire
                                r - ring of Qoegg {Wiz rF+ Int+3 Stlth+}

@: ice-form, very slightly contaminated, very slow, very resistant to hostile
enchantments, extremely stealthy
A: (antennae 0), see invisible, berserk 1, (deformed body), deterioration 1,
(poison resistance), screaming 1, (slowness 0), slow metabolism 1, spit poison
2, strong 1, (constrict 1), AC +5
a: Spit Poison, End Transformation, Bend Time, Temporal Distortion, Slouch, Step
From Time, Renounce Religion


You were on level 3 of the Swamp.
You worshipped Cheibriados.
Cheibriados was exalted by your worship.
You were not hungry.
You were a creature of crystalline ice.
You visited 5 branches of the dungeon, and saw 29 of its levels.
You also visited: Labyrinth and Ice Cave.

You collected 2465 gold pieces.
You spent 877 gold pieces at shops.

Inventory:

Hand Weapons
 E - a +3 scimitar of flaming
Missiles
 d - 28 tomahawks
 k - 3 javelins (quivered)
 y - 528 arrows
Armour
 h - a +2 pair of gloves (melded)
 o - the +0 mask of the Dragon (melded) {MR+ Slay+3 SInv}
   (You bought it in a shop on level 10 of the Dungeon)

   It affects your accuracy and damage with ranged weapons and melee attacks
   (+3).
   It affects your resistance to hostile enchantments.
   It lets you see invisible.
 w - a +1 cloak of invisibility
 I - a +2 cloak of poison resistance (melded)
 N - the +2 leather armour of the Arcane (melded) {rPois rC++ Int+2}
   (You found it on level 5 of the Dungeon)

   It affects your intelligence (+2).
   It greatly protects you from cold.
   It protects you from poison.
Magical Staves
 u - an uncursed staff of conjuration
Jewellery
 r - the ring of Qoegg (left front paw) {Wiz rF+ Int+3 Stlth+}
   (You found it on level 6 of the Dungeon)

   [ring of wizardry]

   It improves your spell success rate.
   It affects your intelligence (+3).
   It protects you from fire.
   It makes you more stealthy.
 t - an amulet of regeneration (around neck)
 D - a ring of protection from fire (right front paw)
 K - the ring "Nudyg" {Ice +Blink}
   (You found it on level 2 of the Swamp)

   [ring of ice]

   It enhances your ice magic, and weakens your fire magic.
   It makes you vulnerable to fire.
   It protects you from cold.
   It lets you blink.
Wands
 a - a wand of acid (0/15)
 i - a wand of polymorph (12/24)
 p - a wand of lightning (0/15)
 x - a wand of digging (7/24)
 O - a wand of disintegration (9/24)
 P - a wand of teleportation (4/9)
Scrolls
 c - 2 scrolls of enchant armour
 e - 5 scrolls of immolation
 g - a scroll of identify
 m - 7 scrolls of remove curse
 n - a scroll of magic mapping
 s - a scroll of enchant weapon
 v - a scroll of amnesia
 B - a scroll of fear
 C - 8 scrolls of teleportation
 H - a scroll of holy word
 L - a scroll of recharging
 W - 2 scrolls of fog
Potions
 f - 2 potions of lignification
 j - 5 potions of might
 l - 2 potions of agility
 q - 3 potions of heal wounds
 F - 8 potions of curing
 G - 5 potions of magic
 J - 2 potions of invisibility
 Z - 3 potions of cancellation
Books
 z - a book of Changes

   Spells                             Type                      Level
   a - Beastly Appendage              Transmutation                1
   b - Sticks to Snakes               Transmutation                2
   c - Spider Form                    Transmutation/Poison         3
   d - Ice Form                       Ice/Transmutation            4
   e - Blade Hands                    Transmutation                5
Comestibles
 b - 12 bread rations
 Q - 17 beef jerkies


   Skills:
 * Level 10.5 Fighting
 - Level 10.1 Dodging
 - Level 13.3 Stealth
 - Level 17.2 Unarmed Combat
 - Level 8.2 Spellcasting
 - Level 3.0 Charms
 - Level 9.4 Necromancy
 + Level 3.3 Transmutations
 - Level 9.3 Ice Magic
 - Level 9.4 Invocations


You had 8 spell levels left.
You knew the following spells:

 Your Spells              Type           Power        Failure   Level  Hunger
a - Animate Dead          Necr           N/A          1%          4    #......
b - Ozocubu's Armour      Chrm/Ice       #####...     1%          3    None
c - Simulacrum            Ice/Necr       ######....   7%          6    ######.
d - Ice Form              Ice/Trmt       #####...     1%          4    #......
e - Sticks to Snakes      Trmt           ####....     1%          2    None
f - Blade Hands           Trmt           ####......   16%         5    ####...


Dungeon Overview and Level Annotations

Branches:
Dungeon (15/15)            Temple (1/1) D:6            Lair (8/8) D:11
  Swamp (3/4) Lair:4       Spider (0/4) Lair:6        Slime (0/6) Lair:8
    Orc (2/2) D:11            Elf (0/3) Orc:2        Vaults (0/5) D:13
 Depths (0/5) D:15

Altars:
Ashenzari
Cheibriados
Dithmenos
Elyvilon
Fedhas
Gozag
Kikubaaqudgha
Makhleb
Nemelex Xobeh
Okawaru
Pakellas
Qazlal
Ru
Sif Muna
Trog
Vehumet
Xom
Yredelemnul
Zin
The Shining One
Beogh

Shops:
D:10 (*([*   Orc:2 ?(}


Innate Abilities, Weirdness & Mutations

You cannot wear boots.
((Your serpentine skin is tough (AC +5).))
You have supernaturally acute eyesight.
((Armour fits poorly on your strangely shaped body.))
((Your system is resistant to poisons.))
((You cover ground very slowly.))
You have a slow metabolism.
You can spit poison.
((You can use your snake-like lower body to constrict enemies.))
((You have a pair of small antennae on your head.))
You tend to lose your temper in combat.
Your body sometimes deteriorates upon taking damage.
You occasionally shout uncontrollably at your foes.
Your muscles are strong. (Str +2)


Message History

Unknown command.
A swamp worm comes into view.
The alligator puts on a burst of speed!
The vampire mosquito bites you but does no damage.
The vampire mosquito completely misses you.
You pummel the vampire mosquito!! You freeze the vampire mosquito!
You destroy the vampire mosquito!
Cheibriados thoroughly appreciates the change of pace.
You pummel the swamp worm like a punching bag!!!
You freeze the swamp worm.
You kill the swamp worm!
Cheibriados appreciates the change of pace.
The alligator bites you!
* * * LOW HITPOINT WARNING * * *
The alligator barely misses you.
You punch the alligator!
The alligator seems to slow down.
You freeze the alligator.
The alligator is lightly wounded.
The alligator completely misses you. The alligator tail-slaps you!
You die...

♣.≈..≈♣ ♣.....≈♣♣♣
≈≈.♣♣♣♣♣♣..♣♣♣♣≈≈......♣♣
≈≈≈.≈..≈♣♣≈.≈§..≈≈≈.....≈♣
≈≈≈≈.≈≈.♣♣♣≈≈≈...≈≈.≈≈.♣♣♣
§≈≈≈≈≈≈...?≈≈≈≈≈≈≈.≈≈≈≈>.♣
♣..≈≈≈≈≈≈≈≈≈n≈≈.....≈≈..≈♣
..≈.≈≈≈≈≈≈≈≈≈≈≈≈≈.≈≈≈≈.♣♣
.≈≈≈♣≈. ♣.≈≈≈≈≈..≈≈≈.....≈≈≈≈.≈
≈≈≈..♣♣♣.≈≈≈tY†.≈≈..≈♣♣♣.≈≈≈.≈
♣♣♣.?..§♣♣..≈.♣♣.≈≈≈≈≈.≈≈♣♣♣♣≈.♣
....≈≈..♣<...♣♣♣≈≈≈.§≈.≈♣ ♣♣♣♣
#...≈≈≈.§≈≈≈≈≈≈♣♣≈≈♣>≈≈.♣ ♣
#.#^...♣.≈≈≈..♣♣♣♣♣♣.≈≈≈♣
###.....≈......≈..≈♣§.≈≈≈≈♣
.(.......♣≈≈≈≈..♣♣...≈.≈≈.♣♣
..$###..≈♣.≈≈.♣≈♣♣.≈≈≈≈≈≈≈≈♣
#t..≈≈...≈♣♣♣...≈≈≈≈≈≈.♣


You could see an alligator and a bog body.

Vanquished Creatures
  Rupert (D:14)
  Kirke (Lair:7)
  Aizul (Swamp:3)
  Louise (D:14)
  The ghost of thelaststarmaker the Peltast, a journeyman HOFi of Beogh (Lair:7)
  A minotaur (Lab)
  3 ogre magi
  An ice dragon (shapeshifter) (D:15)
  8 hydras
  A catoblepas (Lair:8)
  3 centaur warriors (D:14)
  2 dancing weapons (D:13)
  6 death yaks
  3 alligators
  2 tengu warriors (D:15)
  Urug (D:11)
  Nergalle (Orc:2)
  A hell knight (D:15)
  A skeletal warrior (D:9)
  2 unseen horrors
  8 hill giants
  2 orc knights
  A shambling mangrove (Swamp:2)
  10 deep elf magi
  9 ugly things
  A wolf spider (D:15)
  6 griffons
  4 cyclopes
  3 hornets (Swamp:1)
  3 manticores
  7 orc sorcerers (Orc:2)
  3 centaur zombies (D:14)
  A faun (Lair:4)
  5 black mambas
  19 elephants
  2 gargoyles (D:11)
  An ice statue (D:10)
  16 spiny frogs
  A torpor snail (Lair:8)
  3 rime drakes
  2 efreet (D:13)
  8 komodo dragons
  A kobold demonologist (D:14)
  8 polar bears
  12 trolls
  Grinder (D:3)
  5 slime creatures
  4 two-headed ogres
  4 bog bodies
  15 blink frogs
  3 raiju (Lair:8)
  Prince Ribbit (Lair:1)
  3 wraiths
  2 shadows
  4 spriggans
  3 vampires
  A human (Lair:7)
  5 wyverns
  3 basilisks
  A hog (Lair:7)
  76 yaks
  2 hungry ghosts
  12 hippogriffs
  A mottled dragon (D:7)
  27 vampire mosquitoes
  A steam dragon (Lair:6)
  9 swamp worms
  2 wargs (Lair:8)
  12 insubstantial wisps
  A swamp worm (shapeshifter) (D:14)
  23 water moccasins
  13 porcupines
  3 hell hounds (Lair:8)
  7 swamp drakes
  9 wasps
  16 orc warriors
  13 ice beasts
  4 sky beasts
  6 phantoms
  10 black bears
  3 eyes of draining
  2 necrophages (D:8)
  9 wolves
  8 centaurs
  16 ogres
  The ghost of Intox the Magician, an amateur HEFE of Makhleb (D:3)
  5 big kobolds
  22 crocodiles
  25 giant frogs
  A wyvern skeleton (D:12)
  7 scorpions
  2 troll zombies (Swamp:2)
  5 killer bees (D:11)
  6 wights
  4 troll skeletons (Swamp:2)
  3 electric eels (Lair:4)
  14 howler monkeys
  6 jellies
  15 crimson imps
  A wasp zombie (D:7)
  5 giant frog zombies
  2 human zombies (D:8)
  3 quasits
  11 hounds
  27 orc priests
  4 giant frog skeletons
  31 orc wizards
  Jessica (D:3)
  5 centaur skeletons
  2 human skeletons (D:8)
  11 iguanas
  Natasha (thrice) (D:3)
  23 worker ants
  A killer bee zombie (D:9)
  16 sheep
  A hound zombie (D:9)
  A hound skeleton (D:5)
  3 mummies (D:8)
  2 worker ant zombies
  A howler monkey zombie (D:8)
  5 gnolls
  13 adders
  59 river rats
  2 shadow imps
  12 white imps (D:11)
  An ooze (D:2)
  3 adder zombies
  An adder skeleton (D:4)
  2 worms (D:3)
  A dart slug (D:2)
  6 giant geckos
  92 orcs
  A ball python (D:8)
  4 giant cockroaches
  7 hobgoblins
  20 jackals
  9 quokkas
  7 bats
  2 giant gecko skeletons
  7 giant newts
  6 goblins
  A jackal skeleton (D:6)
  A jackal zombie (D:5)
  23 kobolds
  An orc zombie (D:8)
  10 rats
1083 creatures vanquished.

Vanquished Creatures (collateral kills)
  2 hydras
  A centaur warrior (D:15)
  A catoblepas (Lair:8)
  3 death yaks (Lair:8)
  A swamp dragon (Swamp:1)
  A hill giant (D:15)
  A wolf spider zombie (D:14)
  A deep elf mage (D:14)
  An oklob plant (Lair:5)
  A hornet (Swamp:1)
  A black mamba (Lair:4)
  4 elephants (Lair:8)
  A spiny frog (Lair:8)
  A centaur skeleton (D:15)
  3 giant leeches (Swamp:1)
  3 polar bears (Lair:8)
  2 bog bodies (Swamp:1)
  2 blink frogs
  A boulder beetle (Lair:7)
  A raiju (Lair:8)
  8 slime creatures (Swamp:1)
  5 yaks
  A basilisk (D:11)
  A hippogriff (Lair:8)
  6 vampire mosquitoes
  3 wargs (Lair:8)
  2 insubstantial wisps (Swamp:1)
  3 swamp worms
  2 water moccasins
  3 hell hounds (Lair:8)
  A porcupine (Lair:1)
  An orc warrior (Orc:2)
  A phantom (D:9)
  4 black bears (Lair:8)
  5 wolves (Lair:8)
  A crocodile (Lair:8)
  5 giant frogs
  6 hounds (Lair:8)
  8 orc wizards
  4 river rats (Lair:8)
  5 orcs
  3 jackals (Lair:8)
  5 kobolds (D:14)
  A bush (Lair:5)
  19 fungi
  14 plants
149 creatures vanquished.

Vanquished Creatures (others)
  2 humans (Lair:7)
  A giant frog (D:10)
  A hound (Lair:8)
  An orc (Orc:2)
  2 bushes
  36 fungi
  25 plants
68 creatures vanquished.

Grand Total: 1300 creatures vanquished

Notes
Turn   | Place    | Note
--------------------------------------------------------------
     0 | D:1      | Elitist the Naga Monk began the quest for the Orb.
     0 | D:1      | Reached XP level 1. HP: 21/21 MP: 1/1
   339 | D:1      | Reached XP level 2. HP: 20/28 MP: 2/2
  1257 | D:2      | Reached XP level 3. HP: 34/34 MP: 3/3
  1751 | D:2      | Reached XP level 4. HP: 35/44 MP: 4/4
  2089 | D:3      | Noticed Intox's ghost (amateur HEFE)
  2104 | D:3      | Killed Intox's ghost
  2104 | D:3      | Reached skill level 5 in Unarmed Combat
  2104 | D:3      | Reached XP level 5. HP: 39/51 MP: 5/5
  2383 | D:3      | Noticed Natasha
  2412 | D:3      | Killed Natasha
  2600 | D:3      | Found a snail-covered altar of Cheibriados.
  2607 | D:3      | Became a worshipper of Cheibriados the Contemplative
  2607 | D:3      | Reached * piety under Cheibriados
  2607 | D:3      | Reached ** piety under Cheibriados
  2638 | D:3      | Noticed Jessica
  2644 | D:3      | Killed Jessica
  2644 | D:3      | Reached XP level 6. HP: 60/60 MP: 6/6
  2674 | D:3      | Reached skill level 5 in Fighting
  2795 | D:3      | Noticed Natasha
  2803 | D:3      | Killed Natasha
  2816 | D:3      | Noticed Natasha
  2826 | D:3      | Killed Natasha
  2926 | D:3      | Noticed Grinder
  3066 | D:4      | Reached skill level 1 in Invocations
  3164 | D:4      | Reached XP level 7. HP: 67/67 MP: 8/8
  3241 | D:4      | Got an ichor-stained robe
  3248 | D:4      | Identified the +1 robe of Hide-and-Seek {-Cast rPois rF- Regen+} (You found it on level 4 of the Dungeon)
  3275 | D:4      | You fall through a shaft for 3 floors!
  3296 | D:6      | Reached skill level 6 in Unarmed Combat
  3709 | D:6      | Found a staircase to the Ecumenical Temple.
  3734 | D:6      | Reached *** piety under Cheibriados
  3867 | D:6      | Reached XP level 8. HP: 48/76 MP: 10/10
  3878 | D:6      | Got a flickering granite ring
  3892 | D:6      | Identified the ring of Qoegg {Wiz rF+ Int+3 Stlth+} (You found it on level 6 of the Dungeon)
  4136 | D:5      | Entered Level 5 of the Dungeon
  4387 | D:5      | Reached skill level 7 in Unarmed Combat
  4524 | D:5      | Reached **** piety under Cheibriados
  5282 | D:5      | Gained mutation: Your body sometimes deteriorates upon taking damage. [mutagenic meat]
  5283 | D:5      | Gained mutation: You possess an exceptional clarity of mind. [mutagenic meat]
  5284 | D:5      | Gained mutation: Your tail ends in a poisonous barb. [mutagenic meat]
  5285 | D:5      | Gained mutation: You are dopey. (Int -2) [mutagenic meat]
  5287 | D:5      | Gained mutation: You are weak. (Str -2) [mutagenic meat]
  5331 | D:5      | Reached skill level 8 in Unarmed Combat
  5358 | D:5      | Got a steaming leather armour
  5373 | D:5      | Identified the +2 leather armour of the Arcane {rPois rC++ Int+2} (You found it on level 5 of the Dungeon)
  5401 | D:5      | Reached XP level 9. HP: 81/85 MP: 12/12
  5448 | D:5      | Gained mutation: You are frail (-10% HP). [mutagenic meat]
  5449 | D:5      | Gained mutation: You evolve. [mutagenic meat]
  5450 | D:5      | Lost mutation: You are frail (-10% HP). [mutagenic meat]
  5451 | D:5      | Gained mutation: You tend to lose your temper in combat. [mutagenic meat]
  5872 | D:5      | Reached ***** piety under Cheibriados
  5907 | D:4      | Lost mutation: Your body sometimes deteriorates upon taking damage. [evolution]
  5927 | D:4      | Reached skill level 5 in Invocations
  6099 | D:4      | Found a bloodstained altar of Trog.
  6208 | D:4      | Found a burning altar of Makhleb.
  6314 | D:3      | Gained mutation: Your flesh is heat resistant. [evolution]
  6465 | D:3      | Paralysed by Grinder for 4 turns
  6470 | D:3      | Killed Grinder
  6470 | D:3      | Reached skill level 5 in Dodging
  6783 | D:6      | Reached skill level 9 in Unarmed Combat
  6975 | D:6      | Found a shattered altar of Ashenzari.
  6996 | D:6      | Found a deep blue altar of Sif Muna.
  6996 | D:6      | Found a radiant altar of Vehumet.
  6997 | D:6      | Found a shimmering altar of Xom.
  7001 | D:6      | Found a sparkling altar of Nemelex Xobeh.
  7137 | Temple   | Entered the Ecumenical Temple
  7625 | D:7      | Reached XP level 10. HP: 90/94 MP: 14/14
  8013 | D:7      | Reached ****** piety under Cheibriados
  8298 | D:8      | Reached skill level 10 in Unarmed Combat
  8311 | D:8      | Found an ancient bone altar of Kikubaaqudgha.
  9367 | D:9      | Reached skill level 11 in Unarmed Combat
  9544 | D:9      | Noticed a skeletal warrior
  9586 | D:9      | Reached skill level 5 in Stealth
  9678 | D:9      | You fall through a shaft for 2 floors!
  9678 | D:11     | Noticed a gargoyle
  9678 | D:11     | Noticed a hill giant
  9694 | D:11     | Killed a gargoyle
  9694 | D:11     | Reached XP level 11. HP: 100/102 MP: 15/15
  9748 | D:11     | Found a frozen archway.
  9763 | IceCv    | Entered an ice cave
 10318 | D:11     | Gained mutation: You are clumsy. (Dex -2) [evolution]
 10352 | D:11     | Lost mutation: You are dopey. (Int -2) [potion of cure mutation]
 10352 | D:11     | Lost mutation: You tend to lose your temper in combat. [potion of cure mutation]
 10352 | D:11     | Lost mutation: You are weak. (Str -2) [potion of cure mutation]
 10352 | D:11     | Lost mutation: You possess an exceptional clarity of mind. [potion of cure mutation]
 10352 | D:11     | Lost mutation: Your flesh is heat resistant. [potion of cure mutation]
 10438 | D:11     | Found a staircase to the Lair.
 10440 | D:11     | Noticed a hill giant
 10466 | D:11     | Killed a hill giant
 10466 | D:11     | Reached skill level 12 in Unarmed Combat
 10959 | D:12     | Found a labyrinth entrance.
 10977 | Lab      | Entered a labyrinth
 11526 | Lab      | Gained mutation: You expend magic power (3 MP) to strengthen your wands. [potion of mutation]
 11526 | Lab      | Gained mutation: You rapidly evolve. [potion of mutation]
 11526 | Lab      | Lost mutation: You rapidly evolve. [potion of mutation]
 11527 | Lab      | Lost mutation: You are clumsy. (Dex -2) [potion of cure mutation]
 11527 | Lab      | Lost mutation: Your tail ends in a poisonous barb. [potion of cure mutation]
 11527 | Lab      | Lost mutation: You expend magic power (3 MP) to strengthen your wands. [potion of cure mutation]
 11527 | Lab      | Lost mutation: You evolve. [potion of cure mutation]
 11590 | Lab      | Noticed a minotaur
 11604 | Lab      | Killed a minotaur
 11612 | Lab      | Identified the Incunabulum of Supportive Evil Arts
 11726 | Lab      | Got a dazzling falchion
 11727 | Lab      | Identified the +9 falchion of Decua {freeze, SInv} (You found it in a labyrinth)
 11783 | D:12     | Noticed a hill giant
 11790 | D:12     | Killed a hill giant
 11857 | D:12     | Gained mutation: You tend to lose your temper in combat. [potion of mutation]
 11857 | D:12     | Gained mutation: You have a pair of small antennae on your head. [potion of mutation]
 11857 | D:12     | Gained mutation: You occasionally shout uncontrollably at your foes. [potion of mutation]
 12153 | D:12     | Noticed a manticore
 12166 | D:12     | Killed a manticore
 12828 | D:12     | Learned a level 3 spell: Ozocubu's Armour
 12833 | D:12     | Learned a level 4 spell: Animate Dead
 12887 | D:12     | Reached XP level 12. HP: 112/112 MP: 18/18
 12951 | D:12     | Reached skill level 1 in Necromancy
 12998 | D:12     | Reached skill level 1 in Spellcasting
 12998 | D:12     | Reached skill level 1 in Ice Magic
 13213 | D:13     | Found a gate to the Vaults.
 14193 | D:13     | Learned a level 6 spell: Simulacrum
 14309 | D:13     | Gained mutation: You are dopey. (Int -2) [mutagenic meat]
 14310 | D:13     | Gained mutation: Your body sometimes deteriorates upon taking damage. [mutagenic meat]
 14311 | D:13     | Gained mutation: You are frail (-10% HP). [mutagenic meat]
 14312 | D:13     | Gained mutation: Your muscles are strong. (Str +2) [mutagenic meat]
 14364 | D:13     | Lost mutation: You are frail (-10% HP). [mutagenic meat]
 14801 | D:13     | Reached skill level 13 in Unarmed Combat
 15651 | D:10     | Entered Level 10 of the Dungeon
 15651 | D:10     | Found Dexotiq's Weapon Shoppe.
 15976 | D:10     | Found Wuonwiel's Assorted Antiques.
 15976 | D:10     | Found Qintyxzaa's Armour Shoppe.
 15978 | D:10     | Found Diuvuz's Weapon Boutique.
 15979 | D:10     | Found Zostaopu's Assorted Antiques.
 15990 | D:10     | Bought a glowing cloak for 162 gold pieces
 16075 | D:10     | Bought the +0 mask of the Dragon {MR+ Slay+3 SInv} for 400 gold pieces
 16416 | D:10     | Reached skill level 1 in Charms
 16771 | D:9      | Gained mutation: You can use your snake-like lower body to constrict enemies. [Naga growth]
 16771 | D:9      | Reached XP level 13. HP: 121/121 MP: 19/19
 17202 | D:9      | Reached skill level 5 in Spellcasting
 17205 | D:9      | Reached skill level 5 in Ice Magic
 17220 | D:9      | Reached skill level 5 in Necromancy
 17818 | D:11     | Found a staircase to the Orcish Mines.
 18246 | D:11     | Noticed Urug
 18252 | D:11     | Killed Urug
 18765 | D:14     | Noticed Louise
 18780 | D:14     | Killed Louise
 18796 | D:14     | Noticed Rupert
 18811 | D:14     | Killed Rupert
 19323 | D:14     | Reached XP level 14. HP: 119/129 MP: 24/24
 19826 | D:14     | Lost mutation: You are dopey. (Int -2) [mutagenic meat]
 20001 | Lair:1   | Entered Level 1 of the Lair of Beasts
 20107 | Lair:1   | Noticed Prince Ribbit
 20115 | Lair:1   | Killed Prince Ribbit
 20258 | Lair:1   | Got a slimy broad axe
 21691 | Lair:3   | You fall through a shaft!
 21970 | Lair:4   | Found a staircase to the Swamp.
 22744 | Lair:5   | Found a radiant altar of Vehumet.
 22979 | Lair:5   | Reached skill level 14 in Unarmed Combat
 23297 | Lair:6   | Found a hole to the Spider Nest.
 23623 | Lair:6   | Got a sapphire great sword
 23624 | Lair:6   | Identified the +3 great sword of the Eternal Void {drain, Str+4 Int+2 Dex+5} (You found it on level 6 of the Lair of Beasts)
 23625 | Lair:6   | Identified the +2 broad axe of the Sky {venom, Dex+2} (You found it on level 1 of the Lair of Beasts)
 23687 | Lair:6   | Reached XP level 15. HP: 135/135 MP: 27/27
 24088 | Lair:7   | Noticed thelaststarmaker's ghost (journeyman HOFi)
 24119 | Lair:7   | Killed thelaststarmaker's ghost
 24730 | Lair:7   | Noticed Kirke
 24756 | Lair:7   | Noticed a sphinx
 24759 | Lair:7   | Killed Kirke
 25080 | Lair:7   | Reached skill level 15 in Unarmed Combat
 25485 | Lair:8   | Entered Level 8 of the Lair of Beasts
 25661 | Lair:8   | Found a staircase to the Slime Pits.
 25961 | Lair:8   | Reached skill level 10 in Stealth
 26430 | Lair:8   | Reached XP level 16. HP: 43/144 MP: 15/28
 26435 | Lair:8   | Reached skill level 16 in Unarmed Combat
 26469 | Lair:8   | Identified the Almanac of Dislocated Creation
 27450 | Orc:1    | Entered Level 1 of the Orcish Mines
 27600 | Orc:2    | Entered Level 2 of the Orcish Mines
 28022 | Orc:2    | Found a staircase to the Elven Halls.
 28284 | Orc:2    | Found Tihic's Book Emporium.
 28339 | Orc:2    | Found Poqyocs's Magic Scroll Shoppe.
 28360 | Orc:2    | Reached skill level 10 in Dodging
 28393 | Orc:2    | Found a radiant altar of Vehumet.
 28406 | Orc:2    | Found Taoplixa's Antique Weapon Shoppe.
 28416 | Orc:2    | Noticed Nergalle
 28422 | Orc:2    | Killed Nergalle
 28478 | Orc:2    | Found a roughly hewn altar of Beogh.
 28478 | Orc:2    | Found Sonwegu's Gadget Shoppe.
 28644 | Orc:2    | Found an ancient bone altar of Kikubaaqudgha.
 28990 | Orc:2    | Bought a scroll of vulnerability for 105 gold pieces
 28990 | Orc:2    | Bought a scroll of enchant armour for 105 gold pieces
 28990 | Orc:2    | Bought a scroll of enchant armour for 105 gold pieces
 29232 | D:15     | Entered Level 15 of the Dungeon
 29884 | D:15     | Reached skill level 17 in Unarmed Combat
 29937 | D:15     | Found a staircase to the Depths.
 30275 | Swamp:1  | Entered Level 1 of the Swamp
 30884 | Swamp:1  | Learned a level 4 spell: Ice Form
 30887 | Swamp:1  | Learned a level 2 spell: Sticks to Snakes
 30893 | Swamp:1  | Learned a level 5 spell: Blade Hands
 31017 | Swamp:1  | Reached skill level 1 in Transmutations
 31047 | Swamp:1  | Reached XP level 17. HP: 143/151 MP: 29/29
 31104 | Swamp:2  | Got a fine granite ring
 31105 | Swamp:2  | Identified the ring "Nudyg" {Ice +Blink} (You found it on level 2 of the Swamp)
 31464 | Swamp:2  | Reached skill level 10 in Fighting
 32410 | Swamp:3  | Noticed Aizul
 32421 | Swamp:3  | Killed Aizul
 32534 | Swamp:3  | HP: 7/184 [alligator (10)]
 32535 | Swamp:3  | Slain by an alligator

Skill      XL: |  1  2  3  4  5  6  7  8  9 10 11 12 13 14 15 16 17 |
---------------+----------------------------------------------------+-----
Fighting       | 4 5 6 7 8 9 10 | 10.5
Unarmed Combat | 5 6 8 9 11 12 13 14 15 17 | 17.2
Dodging        | 3 4 5 6 7 8 9 10 | 10.1
Invocations    | 1 2 4 6 8 9 |  9.4
Stealth        | 5 6 10 13 | 13.3
Necromancy     | 4 7 8 9 |  9.4
Spellcasting   | 4 7 8 |  8.2
Ice Magic      | 4 7 8 9 |  9.3
Charms         | 2 3 |  3.0
Transmutations | 1 3 |  3.3

Action                   |  1- 3 |  4- 6 |  7- 9 | 10-12 | 13-15 | 16-18 || total
-------------------------+-------+-------+-------+-------+-------+-------++-------
Melee: Unarmed           |    47 |    92 |   361 |   767 |  1070 |   572 ||  2909
       Punch             |       |     4 |    18 |    87 |   166 |    87 ||   362
       Tailslap          |       |       |    47 |   110 |       |       ||   157
       Constrict         |       |       |       |       |   253 |   137 ||   390
Throw: Tomahawk          |     2 |     1 |     1 |     3 |     6 |       ||    13
       Throwing net      |       |       |       |     2 |       |       ||     2
       Javelin           |       |       |       |       |    19 |    12 ||    31
 Cast: Ozocubu's Armour  |       |       |       |     7 |    10 |     4 ||    21
       Animate Dead      |       |       |       |       |   104 |    62 ||   166
       Simulacrum        |       |       |       |       |    12 |    31 ||    43
       Ice Form          |       |       |       |       |       |     7 ||     7
       Blade Hands       |       |       |       |       |       |     2 ||     2
       Sticks to Snakes  |       |       |       |       |       |     1 ||     1
Invok: Bend Time         |       |       |     2 |     6 |    16 |     7 ||    31
       Slouch            |       |       |       |     2 |     2 |       ||     4
       Step From Time    |       |       |       |     4 |     1 |     1 ||     6
       Temporal Distorti |       |       |       |     1 |     1 |       ||     2
 Abil: Spit Poison       |    37 |    24 |    28 |     7 |       |       ||    96
Evoke: Rod               |       |       |       |     2 |       |       ||     2
       Wand              |       |       |       |       |       |     4 ||     4
  Use: Potion            |       |     1 |     5 |     7 |     3 |       ||    16
       Scroll            |       |     5 |    10 |    14 |     7 |     8 ||    44
 Stab: Sleeping          |     2 |     6 |    13 |    27 |    38 |     8 ||    94
       Distracted        |       |     1 |     1 |    10 |    16 |    10 ||    38
       Held in net/web   |       |       |       |     2 |       |       ||     2
       Petrified         |       |       |       |       |     3 |       ||     3
  Eat: Chunk             |     3 |     6 |    22 |    25 |    33 |    13 ||   102
       Royal jelly       |       |       |       |     1 |     1 |       ||     2
       Meat ration       |       |       |       |     1 |       |     1 ||     2
       Pizza             |       |       |       |     1 |       |     1 ||     2
       Beef jerky        |       |       |       |       |       |     2 ||     2
       Bread ration      |       |       |       |       |       |     2 ||     2
       Fruit             |       |       |       |       |       |     1 ||     1
Armor: Ring mail         |    38 |    19 |       |       |       |       ||    57
       Robe              |     1 |    11 |   160 |   217 |       |       ||   389
       Leather armour    |       |       |       |    13 |   376 |   203 ||   592
       Skin              |       |       |       |       |       |    18 ||    18
Dodge: Dodged            |    44 |    52 |   305 |   688 |  1060 |   709 ||  2858
Block: Other             |       |       |       |   108 |    39 |       ||   147
       Reflection        |       |       |       |     1 |     3 |       ||     4
